 Dungeon Crawl Stone Soup version 0.17.0-23-g0de4337 (webtiles) character file.

758 kosy22 the Ducker (level 7, -12/68 HPs)
             Began as a Troll Fighter on Nov 14, 2015.
             Mangled by a troll (19 damage)
             ... on level 6 of the Dungeon.
             The game lasted 00:09:03 (4490 turns).

kosy22 the Ducker (Troll Fighter)                   Turns: 4490, Time: 00:09:04

Health: -12/68     AC:  6    Str: 27    XL:     7   Next: 50%
Magic:  6/6        EV:  7    Int:  4    God:
Gold:   174        SH: 15    Dex:  9    Spells: 0 memorised, 6 levels left

rFire  + . .     SeeInvis .       - Unarmed
rCold  . . .     Clarity  .     a - +0 robe
rNeg   + + +     SustAt   +     D - +0 large shield
rPois  .         Gourm    +     B - +0 hat
rElec  .         Spirit   .     y - +0 cloak
rCorr  .         Warding  .     (gloves unavailable)
rMut   .         Stasis   .     (boots unavailable)
MR     +....                    (no amulet)
Stlth  +.........               (no ring)
                                v - ring of Cigruz {SustAt *Contam rF+ rN+++ MR+}

@: somewhat resistant to hostile enchantments, very unstealthy
A: unfitting armour, claws 3, fast metabolism 3, gourmand, regeneration 2,
shaggy fur 1, tough skin 2
a: no special abilities


You were on level 6 of the Dungeon.
You were very full.

You visited 1 branch of the dungeon, and saw 6 of its levels.

You collected 174 gold pieces.

Inventory:

Missiles
 p - 2 large rocks (quivered)
Armour
 a - a +0 robe (worn)
 b - a +0 shield
 y - a +0 cloak (worn)
 B - a +0 hat (worn)
 D - a +0 large shield (worn)
Jewellery
 k - an uncursed amulet of clarity {unknown}
 v - the ring of Cigruz (left claw) {SustAt *Contam rF+ rN+++ MR+}
   (You found it on level 4 of the Dungeon)

   [ring of sustain attributes]

   It sustains your strength, intelligence and dexterity.
   It protects you from fire.
   It renders you almost immune to negative energy.
   It affects your resistance to hostile enchantments.
   It causes magical contamination when unequipped.
 H - a +1 ring of protection {unknown}
Wands
 o - a wand of random effects (22)
Scrolls
 d - a scroll of blinking {unknown}
 f - 4 scrolls of recharging
 g - a scroll of fear
 h - 4 scrolls of enchant weapon
 i - 4 scrolls of identify
 l - a scroll of amnesia {unknown}
 q - 3 scrolls of remove curse {unknown}
 u - a scroll of immolation {unknown}
 C - a scroll of magic mapping {unknown}
 G - a scroll of fog {unknown}
Potions
 c - a potion of might
 e - 2 potions of magic {unknown}
 j - a potion of lignification {unknown}
 m - a potion of cure mutation {unknown}
 n - 2 potions of cancellation
 s - a potion of agility {unknown}
 t - a potion of haste {unknown}
 z - a potion of curing
 E - a potion of poison {unknown}
Comestibles
 r - 2 bread rations
 w - a meat ration
 x - a slice of pizza
 A - a royal jelly


   Skills:
 + Level 3.9 Fighting
 + Level 5.0 Dodging
 + Level 0.5 Stealth
 + Level 4.1 Shields
 + Level 3.7 Unarmed Combat


You had 6 spell levels left.
You didn't know any spells.

Dungeon Overview and Level Annotations

Branches:
Dungeon (6/15)
 Temple: D:4-7

Altars:
Ashenzari
Dithmenos
Elyvilon
Kikubaaqudgha
Makhleb
Okawaru
Qazlal
Ru
Yredelemnul


Innate Abilities, Weirdness & Mutations

You are too large for most types of armour.
You have claws for hands.
Your metabolism is lightning-fast.
You like to eat raw meat.
You heal very quickly.
You are covered in fur (AC +1).
You have very tough skin (AC +2).


Message History

You closely miss the troll.
The troll is severely wounded.
You block the troll's attack. The troll barely misses you. The troll claws you.
You block the troll's attack. The troll claws you! The troll claws you!
* * * LOW HITPOINT WARNING * * *
You closely miss the troll.
The troll is severely wounded.
You block the troll's attack. x2
The troll claws you!
* * * LOW HITPOINT WARNING * * *
Drink which item? (? for menu, Esc to quit)
It was a potion of curing.
You feel better. You block the troll's attack. The troll claws you.
* * * LOW HITPOINT WARNING * * *
The troll claws you.
* * * LOW HITPOINT WARNING * * *
You scratch the troll.
The troll is severely wounded.
The troll bites you!!
You die...

#.# #.#
#.##.###.....# ##
#.# #.#
#<.........### #.
#.# #.#
####.......# #. #.#
######### #. #.#
#... # #. #.# ...
#.#. #.# #.# #.#.
#.# #######.#####.#
.###... ####.#
#......@......#
....... #....#
#(#####T#######
####... #.#### #.#
#.# ....... #.#
##.## #.# .###...
#.# ####...####..
##..
##.###............
#...
#......##...#####.#
#.## #..#######.##
.. #. # #..# #.#
###.##


You could see a troll.

Vanquished Creatures
  The ghost of zero the Cudgeler, an amateur GrGl (D:5)
  An ice beast (D:3)
  A scorpion (D:6)
  2 crimson imps (D:5)
  2 jellies (D:5)
  2 hounds
  Crazy Yiuf (D:5)
  A centaur skeleton (D:5)
  3 worker ants
  5 adders
  2 oozes
  An adder skeleton (D:6)
  2 worms
  2 giant geckos
  4 orcs
  A ball python (D:2)
  6 bats
  3 giant cockroaches
  8 hobgoblins
  7 jackals
  4 quokkas
  A giant gecko skeleton (D:4)
  5 giant newts
  4 kobolds
  7 rats
76 creatures vanquished.

Notes
Turn   | Place    | Note
--------------------------------------------------------------
     0 | D:1      | kosy22 the Troll Fighter began the quest for the Orb.
     0 | D:1      | Reached XP level 1. HP: 22/22 MP: 0/0
   216 | D:1      | Reached XP level 2. HP: 23/29 MP: 1/1
   917 | D:2      | Reached XP level 3. HP: 36/36 MP: 2/2
   986 | D:2      | Found a stormy altar of Qazlal.
  1246 | D:2      | Found a sacrificial altar of Ru.
  2148 | D:3      | Noticed an ice beast
  2152 | D:3      | Reached XP level 4. HP: 26/44 MP: 3/3
  2214 | D:3      | Killed an ice beast
  2214 | D:3      | Reached skill level 3 in Dodging
  2214 | D:3      | Reached XP level 5. HP: 36/52 MP: 4/4
  3034 | D:4      | Got a scorched jade ring
  3236 | D:4      | Found a white marble altar of Elyvilon.
  3557 | D:4      | Found a shattered altar of Ashenzari.
  3573 | D:4      | Reached skill level 4 in Dodging
  3573 | D:4      | Reached XP level 6. HP: 43/61 MP: 5/5
  3688 | D:5      | Entered Level 5 of the Dungeon
  3700 | D:5      | Noticed Crazy Yiuf
  3707 | D:5      | Killed Crazy Yiuf
  3783 | D:5      | Identified the ring of Cigruz {SustAt *Contam rF+ rN+++ MR+} (You found it on level 4 of the Dungeon)
  4177 | D:5      | Reached XP level 7. HP: 67/67 MP: 6/6
  4209 | D:5      | Noticed zero's ghost (amateur GrGl)
  4237 | D:5      | Killed zero's ghost
  4237 | D:5      | Reached skill level 5 in Dodging
  4241 | D:5      | Found an iron altar of Okawaru.
  4241 | D:5      | Found an ancient bone altar of Kikubaaqudgha.
  4260 | D:5      | Found a basalt altar of Yredelemnul.
  4263 | D:5      | Found a shadowy altar of Dithmenos.
  4264 | D:5      | Found a burning altar of Makhleb.
  4477 | D:6      | Noticed a troll
  4490 | D:6      | Mangled by a troll

Action                   |  1- 3 |  4- 6 |  7- 9 || total
-------------------------+-------+-------+-------++-------
Melee: Unarmed           |   109 |   171 |    51 ||   331
Evoke: Wand              |       |     2 |       ||     2
  Use: Scroll            |     1 |     3 |       ||     4
       Potion            |       |     2 |     2 ||     4
 Stab: Sleeping          |     1 |     1 |       ||     2
  Eat: Chunk             |     4 |    15 |     1 ||    20
       Bread ration      |     2 |     1 |       ||     3
       Meat ration       |     1 |     1 |       ||     2
       Beef jerky        |       |     1 |       ||     1
